 Dungeon Crawl Stone Soup version 0.31-a0-705-ga145531891 (webtiles) character file.

Game seed: 2732747784313925254

89 qw the Shooter (level 4, -1/28 HPs)
             Began as a Gargoyle Hunter on Sept 9, 2023.
             Slain by Sigmund
             ... wielding a +0 scythe
              (8 damage)
             ... on level 3 of the Dungeon.
             The game lasted 00:00:36 (983 turns).

qw the Shooter (Gargoyle Hunter)                     Turns: 983, Time: 00:00:37

Health: -1/28      AC:  6    Str: 14    XL:     4   Next: 55%
Magic:  4/4        EV: 11    Int: 10    God:
Gold:   77         SH:  0    Dex: 15    Spells: 3/3 levels left

rFire   . . .        Y - +0 shortbow
rCold   . . .        (shield currently unavailable)
rNeg    + . .        c - +0 leather armour
rPois   inf          (no helmet)
rElec   +            (no cloak)
rCorr   .            (no gloves)
SInv    .            (no boots)
Will    .....        e - amulet of regeneration
Stlth   +            (no ring)
HPRegen 1.04/turn    (no ring)
MPRegen 0.09/turn

%: no passive effects
@: confused
A: sickness immunity, AC +3, negative energy resistance 1, electricity
resistance, torment resistance 1, petrification resistance
a: no special abilities


You were on level 3 of the Dungeon.
You visited 1 branch of the dungeon, and saw 3 of its levels.

You collected 77 gold pieces.


Innate Abilities, Weirdness & Mutations

You are immune to sickness and miasma.
Your stone body is resilient. (AC +3)
You are immune to poison.
You resist negative energy. (rN+)
You are resistant to electric shocks. (rElec)
You are resistant to unholy torment.
You are immune to petrification.


   Skills:
 - Level 3.1 Fighting
 + Level 5.4 Ranged Weapons
 - Level 1.5 Dodging
 - Level 1.1 Stealth


You had 3 spell levels left.
You didn't know any spells.
Your spell library was empty.

Inventory:

Hand Weapons
 Y - a +0 shortbow (weapon)
Armour
 c - a +0 leather armour (worn)
Jewellery
 e - an amulet of regeneration (around neck)
Scrolls
 a - 4 scrolls of teleportation
 f - a scroll of identify
Potions
 h - a potion of heal wounds {unknown}
 i - a potion of resistance {unknown}
 j - a potion of might {unknown}

Dungeon Overview and Level Annotations

Branches:
Dungeon (3/15)

Altars:
Uskayaw

Shops:
D:1 [

Annotations:
D:3 Sigmund


Message History

The arrow hits the frilled lizard but does no damage.
Something tries to affect you, but you resist.
The frilled lizard bites you but does no damage.
You shoot an arrow.
The arrow closely misses the frilled lizard.
The frilled lizard bites you but does no damage.
You shoot an arrow. The arrow misses the frilled lizard.
The frilled lizard barely misses you.
You hear some strange, mumbled words.
You are confused.
The frilled lizard closely misses you. Something hits you.
The frilled lizard bites you but does no damage.
The frilled lizard completely misses you.
Something hits you. The frilled lizard closely misses you.
You hear some strange, mumbled words.
You are more confused.
The frilled lizard closely misses you.
You hear some strange, mumbled words.
You are more confused.
The frilled lizard barely misses you. Something hits you.
The frilled lizard bites you but does no damage.
The frilled lizard closely misses you. Something hits you.
The frilled lizard barely misses you. Something hits you.
The frilled lizard barely misses you.
A kobold comes into view. It is wielding a +0 club.
979 ||| STAIRDANCE The kobold shouts!
The frilled lizard closely misses you.
A magic dart appears from out of thin air!
The magic dart hits you!
In your confused state, you trip and fall back down the stairs.
The frilled lizard bites you but does no damage.
The kobold throws a stone.
The stone barely misses you.
The stone hits the frilled lizard.
Something hits you. The frilled lizard barely misses you.
The kobold throws a stone.
The stone hits you but does no damage. Something hits you but does no damage.
The frilled lizard closely misses you.
The kobold throws a stone.
The frilled lizard misses you. Something hits you!
You die...

#. .## .. . ..
#.# #
.#####...#
#..## ......# .
#..>..#...#....
#.l@...#
#>.......#
#....{..##
#...)...#
##.....K..
..........
..........
#........##


You could see a kobold and a frilled lizard.

Vanquished Creatures
  5 adders (D:2)
  4 bats
  5 endoplasms
  2 giant cockroaches (D:1)
  3 goblins
  7 hobgoblins
  2 jackals (D:1)
  6 kobolds
  3 ball pythons
  A frilled lizard (D:2)
  3 rats
41 creatures vanquished.

Notes
Turn   | Place    | Note
-------+----------+-------------------------------------------
     0 | D:1      | qw the Gargoyle Hunter began the quest for the Orb.
     0 | D:1      | Reached XP level 1. HP: 12/12 MP: 1/1
     0 | D:1      | 0 ||| qw: Version: 0.3-a-80-g4c0dc69
     0 | D:1      | 0 ||| qw: Game counter: 1351
     0 | D:1      | 0 ||| qw: Melee chars always use a shield: true
     0 | D:1      | 0 ||| qw: God list: Okawaru
     0 | D:1      | 0 ||| qw: Allow faded altars: false
     0 | D:1      | 0 ||| qw: Do Orc after clearing Dungeon:15 true
     0 | D:1      | 0 ||| qw: Do second Lair branch before Depths: true
     0 | D:1      | 0 ||| qw: Lair rune preference: random
     0 | D:1      | 0 ||| qw: Goals: Normal
     0 | D:1      | 0 ||| PLANNING D:1-11
    44 | D:1      | Found Byarefy's Antique Armour Shop.
    57 | D:1      | 57 ||| SHOPLISTING +2 hood of the Assassin {Detect Stab+
                  | Stlth++} (1500 gold, have 12).
    57 | D:1      | 57 ||| SHOPLISTING +5 moon troll leather armour {Spirit,
                  | Regen++ MP+5} (1487 gold, have 12).
    57 | D:1      | 57 ||| SHOPLISTING cloak (112 gold, have 12).
    57 | D:1      | 57 ||| SHOPLISTING pair of embroidered boots (187 gold,
                  | have 12).
    57 | D:1      | 57 ||| SHOPLISTING runed robe (92 gold, have 12).
    57 | D:1      | 57 ||| SHOPLISTING translucent ring mail (225 gold, have
                  | 12).
    93 | D:1      | Reached XP level 2. HP: 17/17 MP: 2/2
   133 | D:1      | Found a faded altar of an unknown god.
   308 | D:1      | 308 ||| UPGRADING to amulet of regeneration.
   313 | D:1      | 313 ||| READING scroll labelled ZIGAAT QOLUOHI.
   318 | D:1      | 318 ||| READING scroll labelled VOEFEYTSOU.
   319 | D:1      | 319 ||| READING scroll labelled ELOSCH HEAPA.
   320 | D:1      | 320 ||| DROPPING scroll of butterflies.
   332 | D:2      | Found a hide-covered altar of Uskayaw.
   370 | D:2      | Reached XP level 3. HP: 21/21 MP: 3/3
   459 | D:2      | Reached skill level 5 in Ranged Weapons
   549 | D:2      | Reached skill level 3 in Fighting
   549 | D:2      | Reached XP level 4. HP: 28/28 MP: 4/4
   920 | D:2      | 920 ||| READING scroll labelled BOYNEN ULAT TAPS.
   921 | D:2      | 921 ||| READING scroll labelled MEXESE UDUOFEN.
   922 | D:2      | 922 ||| READING 2 scrolls of identify.
   922 | D:2      | 922 ||| IDENTIFYING glowing clear potion
   935 | D:3      | Noticed Sigmund
   937 | D:3      | 937 ||| STAIRDANCE
   939 | D:3      | 939 ||| STAIRDANCE
   941 | D:2      | 941 ||| DRINKING potion of curing.
   941 | D:2      | 941 ||| (to cure confusion)
   952 | D:3      | 952 ||| STAIRDANCE
   979 | D:3      | 979 ||| STAIRDANCE
   980 | D:3      | HP: 4/28 [something (5)]
   983 | D:3      | Slain by Sigmund

Levels and vault maps discovered:
D:1:      dpeg_arrival_fog, layout_rooms, serial_shops, shop,
          basic_ecumenical_altar
D:2:      layout_loops_cross, basic_altar
D:3:      kennysheep_goblin_castle, layout_rooms, uniq_sigmund

Skill      XL: |  1  2  3 |
---------------+----------+-----
Ranged Weapons | 5 |  5.4
Fighting       | 3 |  3.1
Dodging        | |  1.5
Stealth        | |  1.1

Action                     |  1- 3 |  4- 6 || total
---------------------------+-------+-------++-------
   Fire: Shortbow          |    85 |    47 ||   132
    Use: Scroll            |     3 |     3 ||     6
         Potion            |       |     1 ||     1
 Armour: Leather armour    |    11 |    42 ||    53
  Dodge: Dodged            |    14 |    43 ||    57

Table legend:
 A = Non-vault XP
 B = Vault XP
 C = Vault XP percentage of total XP
 D = Non-vault monster count
 E = Vault monster count
 F = Vault count percentage of total count
                 A         B        C        D         E       F
            +---------+---------+-------+---------+---------+-------
      Total |     128 |       0 |   0.0 |      41 |       0 |   0.0
            +---------+---------+-------+---------+---------+-------
        D:1 |      28 |       0 |   0.0 |      16 |       0 |   0.0
        D:2 |     100 |       0 |   0.0 |      25 |       0 |   0.0
            +---------+---------+-------+---------+---------+-------
